 Dungeon Sprint DCSS version 0.28.0-49-g6dfe1f597d (webtiles) character file.

Game seed: 17706393698396487797

294 Revguard the Cudgeller (level 6, -3/52 HPs)
             Began as a Formicid Fighter on May 12, 2022.
             Slain by a slime creature (18 damage)
             ... in the Dungeon (Sprint I: "Red Sonja").
             The game lasted 00:01:28 (269 turns).

Revguard the Cudgeller (Formicid Fighter)            Turns: 269, Time: 00:01:29

Health: -3/52      AC:  7    Str: 20    XL:     6   Next: 60%
Magic:  9/9        EV: 11    Int:  8    God:
Gold:   192        SH:  5    Dex: 12    Spells: 5/5 levels left

rFire   . . .      SeeInvis +   a - +0 flail
rCold   . . .      Faith    .   c - +0 buckler
rNeg    . . .      Spirit   .   b - +0 scale mail
rPois   .          Reflect  .   (helmet unavailable)
rElec   .          Harm     .   (no cloak)
rCorr   .          Rampage  .   (no gloves)
Will    .....                   (no boots)
Stlth   ..........              (no amulet)
HPRegen 0.17/turn               (no ring)
MPRegen 0.11/turn               (no ring)

@: no status effects
A: permanent stasis, dig shafts and tunnels, antennae 3, four strong arms
a: Dig


You were in the Dungeon.
You visited 1 branch You collected 192 gold pieces.

Inventory:

Hand Weapons
 a - a +0 flail (weapon)
Armour
 b - a +0 scale mail (worn)
 c - a +0 buckler (worn)
Wands
 h - a wand of digging (7)
Potions
 e - a potion of curing
 g - 2 potions of magic


   Skills:
 + Level 5.9 Fighting
 * Level 6.8 Maces & Flails
 + Level 5.8 Armour
 + Level 3.8 Dodging
 + Level 6.6 Shields
 + Level 5.2 Invocations
 + Level 4.5 Evocations


You had 5 spell levels left.
You didn't know any spells.
Your spell library was empty.

Dungeon Overview and Level Annotations

Branches:
Dungeon (1/1)

Altars:
Makhleb
Sif Muna
Vehumet
Wu Jian
Xom
Jiyva
Lugonu


Innate Abilities, Weirdness & Mutations

You cannot be hasted, slowed, berserked, paralysed or teleported.
You can dig through walls and to a lower floor.
You have a pair of large antennae on your head. (SInv)
Your four strong arms can wield two-handed weapons with a shield.


Message History

Found four altars.
The slime creature hits you but does no damage.
There is an open door here.
You barely miss the slime creature.
The slime creature hits you but does no damage.
You hit the slime creature.
The slime creature is lightly wounded.
The slime creature hits you. The slime creature barely misses you.
You sock the slime creature!
The slime creature is moderately wounded.
The slime creature hits you!
You thump the slime creature!
The slime creature is heavily wounded.
The slime creature hits you!
You completely miss the slime creature.
The slime creature is moderately wounded.
The slime creature misses you.
You barely miss the slime creature.
The slime creature is moderately wounded.
The slime creature hits you!
You sock the slime creature!
The slime creature is heavily wounded.
You block the slime creature's attack.
You hit the slime creature but do no damage.
The slime creature is heavily wounded.
The slime creature hits you but does no damage.
You barely miss the slime creature.
The slime creature is heavily wounded.
The slime creature hits you!
* * * LOW HITPOINT WARNING * * *
You sock the slime creature!
The slime creature is severely wounded.
The slime creature hits you!
* * * LOW HITPOINT WARNING * * *
You feel much better. The slime creature hits you!!
* * * LOW HITPOINT WARNING * * *
You hit the slime creature.
The slime creature is severely wounded.
The slime creature hits you!!
You die...

###################
#<.#..)..#..'..#__#
#..').#..').#..@J.+
#..#####'#####'#__#
#..# #..# #.####
#..# #### ##.# {
#..# #+#_.+ #⌠⌠#
{+..._# { ####
#_.#+# ##+#


You could see a slime creature.

Vanquished Creatures
  Sigmund (D)
  An ogre (D)
  A jelly (D)
  Ijyb (D)
4 creatures vanquished.

Notes
Turn   | Place    | Note
-------+----------+-------------------------------------------
     0 | D        | Revguard the Formicid Fighter began the quest for the Orb.
     0 | D        | Reached XP level 1. HP: 18/18 MP: 1/1
     2 | D        | Noticed Ijyb
    10 | D        | Killed Ijyb
    11 | D        | Reached skill level 1 in Dodging
    11 | D        | Reached skill level 1 in Evocations
    11 | D        | Reached XP level 2. HP: 12/25 MP: 1/3
    11 | D        | Reached XP level 3. HP: 14/30 MP: 1/4
   165 | D        | Noticed an ogre
   169 | D        | Killed an ogre
   170 | D        | Reached skill level 5 in Shields
   170 | D        | Reached XP level 4. HP: 35/38 MP: 4/6
   170 | D        | Reached XP level 5. HP: 39/43 MP: 4/7
   201 | D        | Noticed Sigmund
   206 | D        | Killed Sigmund
   207 | D        | Reached skill level 5 in Fighting
   207 | D        | Reached skill level 5 in Armour
   207 | D        | Reached skill level 5 in Invocations
   207 | D        | Reached XP level 6. HP: 39/52 MP: 7/9
   236 | D        | Found an ornate altar of the Wu Jian Council.
   236 | D        | Found a shimmering blue altar of Sif Muna.
   241 | D        | Found a radiant altar of Vehumet.
   256 | D        | Found a burning altar of Makhleb.
   256 | D        | Found a viscous altar of Jiyva.
   256 | D        | Found a shimmering altar of Xom.
   256 | D        | Found a corrupted altar of Lugonu.
   256 | D        | Noticed a slime creature
   267 | D        | HP: 2/52 [slime creature (10)]
   269 | D        | Slain by a slime creature

Illustrated notes

Levels and vault maps discovered:
D:        dungeon_sprint_1 [red_sonja_temple_1, red_sonja_temple_small_1]

Skill      XL: |  1  2  3  4  5 |
---------------+----------------+-----
Maces & Flails | 3 4 6 |  6.8
Armour         | 4 5 |  5.8
Dodging        | 1 2 3 |  3.8
Shields        | 4 5 6 |  6.6
Invocations    | 2 3 5 |  5.2
Evocations     | 1 3 4 |  4.5
Fighting       | 4 5 |  5.9

Action                   |  1- 3 |  4- 6 || total
-------------------------+-------+-------++-------
Melee: Flail             |    11 |    17 ||    28
  Use: Potion            |     1 |     2 ||     3
Armor: Scale mail        |     4 |     3 ||     7
Dodge: Dodged            |     4 |     3 ||     7
Block: Buckler           |     1 |     2 ||     3
